 Dungeon Crawl Stone Soup version 0.29.0-13-gc9e81de378 (webtiles) character file.

Game seed: 18300703718964627713

62 inqbanana the Ducker (level 3, -5/17 HPs)
             Began as a Felid Monk on Sept 9, 2022.
             Was the Champion of Ignis.
             Slain by CertainDeath's ghost (19 damage)
             ... on level 3 of the Dungeon.
             The game lasted 00:05:10 (3015 turns).

inqbanana the Ducker (Felid Monk)                   Turns: 3015, Time: 00:05:10

Health: -5/17      AC:  1    Str:  7    XL:     3   Next: 85%
Magic:  6/6        EV: 19    Int: 13    God:    Ignis [******]
Gold:   161        SH:  5    Dex: 18    Spells: 4/4 levels left
                                        Lives:  0   Deaths: 1

rFire   + . .      SeeInvis +     - Unarmed
rCold   . . .      Faith    .   (shield unavailable)
rNeg    . . .      Spirit   .   (body armour unavailable)
rPois   .          Reflect  +   (helmet unavailable)
rElec   .          Harm     .   (cloak unavailable)
rCorr   .          Rampage  .   (gloves unavailable)
Will    .....                   (boots unavailable)
Stlth   +++.......              e - amulet of reflection
HPRegen 0.05/turn               m - ring of wizardry
MPRegen 0.10/turn               (no ring)

@: quick
A: very small, claws 1, fangs 3, see invisible, speed 1, shaggy fur 1, stealthy
paws, no weapons or thrown items, no armour, multi-lived
a: Renounce Religion, Fiery Armour, Foxfire Swarm, Rising Flame


You were on level 3 of the Dungeon.
You worshipped Ignis.
Ignis was exalted by your worship.
You visited 1 branch of the dungeon, and saw 3 of its levels.

You collected 161 gold pieces.

Inventory:

Jewellery
 e - an amulet of reflection (around neck)
 m - a ring of wizardry (left paw)
Wands
 j - a wand of charming (8)
Scrolls
 b - 4 scrolls of teleportation {unknown}
 d - a scroll of blinking {unknown}
 f - 2 scrolls of identify {unknown}
 k - a scroll of magic mapping {unknown}
 l - a scroll of amnesia {unknown}
Potions
 a - 2 potions of ambrosia
 c - a potion of curing


   Skills:
 + Level 3.1 Fighting
 + Level 4.6 Dodging
 + Level 3.8 Stealth
 * Level 4.2 Unarmed Combat
 * Level 1.4 Spellcasting
 * Level 0.7 Evocations


You had 4 spell levels left.
You didn't know any spells.
Your spell library contained the following spells:

 Spells                   Type           Power      Damage    Failure   Level
 Conjure Flame            Conj/Fire      0%         6-21      32%         3
 Ignite Poison            Fire/Tmut/Pois 0%         N/A       32%         3
 Sticky Flame             Conj/Fire      0%         2d3       69%         4


Dungeon Overview and Level Annotations

Branches:
Dungeon (3/15)

Altars:
Ignis

Annotations:
D:3 CertainDeath's ghost, amateur MiGl


Innate Abilities, Weirdness & Mutations

You have sharp claws.
You have razor-sharp teeth.
You have supernaturally acute eyesight. (SInv)
You cover ground quickly. (Speed+)
You are covered in fur. (AC +1)
Your paws help you pounce on unaware monsters.
You are incapable of wielding weapons or throwing items.
You cannot wear armour.
You gain extra lives every three experience levels.


Message History

Where to? (Enter - D:2, ? - help)
What level of the Dungeon? (default 1, ? - help)
A worm is nearby!
(D) Dungeon
Where to? (Enter - D:4, ? - help)
What level of the Dungeon? (default 1, ? - help)
A worm is nearby!
You scratch the worm.
The worm is lightly wounded.
The worm closely misses you.
You scratch the worm.
The worm is moderately wounded.
You scratch the worm.
The worm is heavily wounded.
The worm barely misses you.
You scratch the worm.
The worm is heavily wounded.
You barely miss the worm.
The worm is heavily wounded.
The worm completely misses you.
You scratch the worm.
The worm is almost dead.
You scratch the worm but do no damage.
The worm is almost dead.
You block the worm's attack.
You barely miss the worm.
The worm is severely wounded.
The worm bites you but does no damage.
You scratch the worm. Your bite misses the worm.
The worm is almost dead.
You scratch the worm.
You kill the worm!
You see here a worm corpse.
(D) Dungeon
Where to? (Enter - D:4, ? - help)
What level of the Dungeon? (default 1, ? - help) CertainDeath's ghost is nearby!
CertainDeath's ghost hits you!!
Ouch! That really hurt!
You die...

#....# #.# #.##' ###..###.###....
#...........<. ########
#............. #......#
##.##.........
#......#######.##†........
#...........(..##..#......
#####.###########.##.####.
###........@................
#...###.##..W###..#....#####
##.#.###.##...# #..###..#####
#........##...# #............
#.##.##..##...###.##########.
#.#...#......................
#####..._...###...###......#####.
#.....#...#.........#............
#.###.##.##..######.##.....####..


You could see CertainDeath's ghost.

Vanquished Creatures
  A bullfrog (D:3)
  3 worms (D:3)
  3 ball pythons
  3 endoplasms
  3 giant cockroaches
  5 goblins
  6 hobgoblins
  4 jackals (D:1)
  2 quokkas (D:2)
  7 bats
  3 frilled lizards
  6 kobolds
  3 rats
49 creatures vanquished.

Notes
Turn   | Place    | Note
-------+----------+-------------------------------------------
     0 | D:1      | inqbanana the Felid Monk began the quest for the Orb.
     0 | D:1      | Reached XP level 1. HP: 10/10 MP: 2/2
   370 | D:1      | Reached XP level 2. HP: 13/14 MP: 3/3
  1206 | D:2      | Reached XP level 3. HP: 16/17 MP: 5/5
  1501 | D:2      | Identified the +9 short sword of Defilement {drain, Will+
                  | Str+3 Int+9 Dex-2}
  1844 | D:3      | Found a faded altar of an unknown god.
  1855 | D:3      | Prayed at the altar of an unknown god.
  1855 | D:3      | Became a worshipper of Ignis, the Dying Flame
  1855 | D:3      | Reached ****** piety under Ignis
  2028 | D:3      | Reached skill level 1 in Spellcasting
  2629 | D:3      | Found a runed translucent door.
  2634 | D:3      | Noticed CertainDeath's ghost (amateur MiGl)
  2639 | D:3      | Noticed a bullfrog
  2653 | D:3      | Killed a bullfrog
  2654 | D:3      | Reached XP level 4. HP: 7/21 MP: 5/7
  2677 | D:3      | Found a runed translucent door.
  2687 | D:3      | Mangled by CertainDeath's ghost
  2688 | D:3      | Reached XP level 3. HP: -7/15 MP: 6/6
  3015 | D:3      | Slain by CertainDeath's ghost

Illustrated notes

Levels and vault maps discovered:
D:1:      tarquinn_simple_flora_water_f, layout_basic, grunt_decor_cap
D:2:      layout_basic, minmay_vboxes, uniq_natasha, uniq_jessica
D:3:      layout_basic, ebering_ecumenical_altar_box, ebering_ghost_sewer_f,
          chequers_big_river

Skill      XL: |  1  2  3 |
---------------+----------+-----
Stealth        | 3 |  3.8
Spellcasting   | 1 |  1.4
Unarmed Combat | 4 |  4.2
Fighting       | |  3.1
Dodging        | |  4.6
Evocations     | |  0.7

Action                   |  1- 3 |  4- 6 || total
-------------------------+-------+-------++-------
Melee: Unarmed           |   136 |     1 ||   137
       Bite              |    11 |       ||    11
       Punch             |     7 |       ||     7
  Use: Potion            |     4 |       ||     4
 Stab: Sleeping          |    13 |       ||    13
Armor: Skin              |     4 |     2 ||     6
Dodge: Dodged            |    78 |    11 ||    89
Block: Other             |    29 |     2 ||    31
